 Dungeon Crawl Stone Soup version 0.28.0-45-g0d030f2227 (webtiles) character file.

Game seed: 18295146630926065847

2070 CryoSword the Fighter (level 9, 0/97 HPs)
             Began as an Ogre Berserker on Apr 18, 2022.
             Was a Follower of Trog.
             Succumbed to an orc wizard's poison
             ... on level 6 of the Dungeon.
             The game lasted 00:07:29 (6852 turns).

CryoSword the Fighter (Ogre Berserker)              Turns: 6852, Time: 00:07:30

Health: 0/97       AC:  4    Str: 23    XL:     9   Next: 26%
Magic:  9/9        EV: 11    Int:  8    God:    Trog [*.....]
Gold:   234        SH:  0    Dex: 12    Spells: 8/8 levels left

rFire   . . .      SeeInvis .   w - +1 whip (elec)
rCold   . . .      Faith    .   (no shield)
rNeg    . . .      Spirit   .   b - +0 animal skin
rPois   .          Reflect  .   (helmet restricted)
rElec   .          Harm     .   r - +0 cloak
rCorr   +          Rampage  .   (gloves unavailable)
Will    .....                   (boots unavailable)
Stlth   +.........              (no amulet)
HPRegen 0.26/turn               a - ring of resist corrosion
MPRegen 0.11/turn               (no ring)

@: lethally poisoned (0 -> -10), on berserk cooldown, slowed, very slow
A: large, unfitting armour, tough skin 1
a: Renounce Religion, Berserk


You were on level 6 of the Dungeon.
You worshipped Trog.
Trog was aware of your devotion.
You visited 1 branch of the dungeon, and saw 6 of its levels.

You collected 234 gold pieces.

Inventory:

Hand Weapons
 w - a +1 whip of electrocution (weapon)
   (You took it off Pikel on level 5 of the Dungeon)
Missiles
 k - 5 poisoned darts (quivered)
 u - 3 boomerangs
Armour
 b - a +0 animal skin (worn)
 r - a +0 cloak (worn)
   (You took it off Crazy Yiuf on level 4 of the Dungeon)
Jewellery
 a - a ring of resist corrosion (left hand)
   (You found it on level 4 of the Dungeon)
Wands
 h - a wand of digging (4)
   (You found it on level 2 of the Dungeon)
 v - a wand of iceblast (2)
   (You took it off Ijyb on level 5 of the Dungeon)
Scrolls
 d - a scroll of amnesia {unknown}
 e - a scroll of magic mapping {unknown}
 f - 5 scrolls of identify {unknown}
 g - a scroll of summoning {unknown}
 j - 3 scrolls of fear {unknown}
 m - a scroll of brand weapon {unknown}
 n - a scroll of torment {unknown}
 o - a scroll of vulnerability {unknown}
 p - a scroll of holy word {unknown}
 x - a scroll of noise {unknown}
Potions
 c - a potion of might {unknown}
 l - a potion of lignification {unknown}
 q - a potion of magic {unknown}
 s - a potion of resistance {unknown}


   Skills:
 + Level 8.7 Fighting
 * Level 8.2 Maces & Flails
 + Level 6.0 Dodging


You had 8 spell levels left.
You didn't know any spells.
Your spell library was empty.

Dungeon Overview and Level Annotations

Branches:
Dungeon (6/15)             Temple (0/1) D:4

Altars:
Gozag
Makhleb
Qazlal

Shops:
D:3 (   D:6 *


Innate Abilities, Weirdness & Mutations

You are too large for most types of armour.
You have tough skin. (AC +1)


Message History

Things that are here:
a +0 spear; a gnoll corpse
Things that are here:
a +0 spear; a gnoll corpse An orc comes into view.
It is wielding a +0 club.
Found Yfryapu's General Store.
The orc shouts!
You hear a shout!
An orc is nearby!
An orc is nearby!
An orc is nearby!
An orc is nearby!
An orc priest and an orc wizard come into view.
The orc priest is wielding a +1 hand axe of electrocution.
The orc wizard is wielding a +2 dagger of venom.
The orc hits you with a +0 club.
You barely miss the orc. You whack the orc!
You kill the orc!
Trog accepts your kill.
You hear a shout!
The orc wizard mumbles some strange words.
The orc wizard flickers and vanishes!
Deactivating autopickup; reactivate with Ctrl-A.
The orc priest miscasts a cantrip.
Something hits you.
You are poisoned.
The orc priest hits you with a +1 hand axe of electrocution.
You hit the orc priest.
You feel sick. Something hits you but does no damage.
You are more poisoned.
The orc priest hits you but does no damage.
You hit the orc priest.
You feel sick. Something hits you.
You are more poisoned.
You hit the orc priest but do no damage.
You feel very sick. The orc priest closely misses you.
You barely miss the orc priest.
You feel very sick. Something hits you.
You are more poisoned.
The orc priest hits you with a +1 hand axe of electrocution.
A red film seems to cover your vision as you go berserk!
You feel yourself moving faster!
You feel mighty!
You feel extremely sick. Something hits you but does no damage.
You are more poisoned.
The orc priest barely misses you.
You closely miss the orc priest.
You feel very sick.
You hit the orc priest.
Lightning courses through the orc priest!
You kill the orc priest!
Trog accepts your kill.
You feel very sick.
You hear some strange, mumbled words.
You are confused.
You completely miss something.
You feel very sick.
You feel very sick.
You feel a strong urge to attack something.
You feel very sick.
You feel sick.
You feel your anger nearly subside.
You are no longer berserk.
You are exhausted.
You feel yourself slow down.
You feel very sick.
You hear some strange, mumbled words.
Something tries to affect you, but you resist.
Okay, then.
You feel very sick. Something hits you.
* * * LOW HITPOINT WARNING * * *
Unknown command.
You completely miss something.
You feel sick. Something hits you.
* * * LOW HITPOINT WARNING * * *
You are more poisoned.
You hit something.
You feel less confused.
You feel very sick. Something hits you but does no damage.
You are more poisoned.
You feel extremely sick. Something hits you.
* * * LOW HITPOINT WARNING * * *
It was a potion of curing.
You feel better. Something hits you.
* * * LOW HITPOINT WARNING * * *
You are poisoned.
Something hits you.
* * * LOW HITPOINT WARNING * * *
You are more poisoned.
Unknown command.
You feel very sick. Something hits you.
* * * LOW HITPOINT WARNING * * *
You are more poisoned.
Things that are here:
a +1 hand axe of electrocution; a +0 leather armour
Okay, then.
You feel better. Something hits you.
* * * LOW HITPOINT WARNING * * *
You are poisoned.
Something hits you.
* * * LOW HITPOINT WARNING * * *
You are more poisoned.
You feel very sick.
You feel very sick. Something hits you.
* * * LOW HITPOINT WARNING * * *
You are lethally poisoned!
You feel better.
You hear some strange, mumbled words.
A magic dart appears from out of thin air!
The magic dart hits you.
* * * LOW HITPOINT WARNING * * *
You hit something.
You hear some strange, mumbled words.
A magic dart appears from out of thin air!
The magic dart hits you!
* * * LOW HITPOINT WARNING * * *
You barely miss something. Something hits you but does no damage.
You are lethally poisoned!
Okay, then.
It was a potion of heal wounds.
You feel much better.
You feel very sick.
You hear some strange, mumbled words.
A magic dart appears from out of thin air!
The magic dart hits you.
* * * LOW HITPOINT WARNING * * *
You hear some strange, mumbled words.
A magic dart appears from out of thin air!
The magic dart hits you.
* * * LOW HITPOINT WARNING * * *
You feel much better.
You feel very sick. Something hits you.
* * * LOW HITPOINT WARNING * * *
You closely miss something.
You feel sick. Something hits you.
* * * LOW HITPOINT WARNING * * *
You are more poisoned.
You miss something.
You feel very sick. Something hits you.
* * * LOW HITPOINT WARNING * * *
You are more poisoned.
You hit something.
You feel very sick.
You hear some strange, mumbled words.
A puff of flame appears from out of thin air!
The puff of flame hits you!
* * * LOW HITPOINT WARNING * * *
You miss something.
You die...

#..........# #.).....
#..........####.))....
#...........##........
#...........#..##.....
#.............########
##........##....[.....
#...)....###.####.....
#.#..{######..# #.....
#...#.)@# ###.#####.....
#..∩..#..###.............
.#...#.?.......#####.....
..#.#......#.### #.....
...#...###.#.# ######
####..# #.#.# ##. #.#.#
#. #...# .#..#


There were no monsters in sight!

Vanquished Creatures
  Pikel (D:5)
  Sigmund (D:4)
  A wyvern (D:5)
  An ogre (D:5)
  A centaur (D:5)
  3 lemures (D:5)
  Blork the orc (D:4)
  A gnoll sergeant (D:6)
  A bullfrog (D:5)
  3 scorpions
  A water moccasin skeleton (D:5)
  A jelly (D:4)
  A bullfrog skeleton (D:5)
  A bullfrog zombie (D:3)
  Crazy Yiuf (D:4)
  6 orc priests
  A hound (D:5)
  Ijyb (D:5)
  A gnoll shaman (D:4)
  2 iguanas
  2 orc wizards (D:5)
  8 gnolls
  6 adders
  An adder skeleton (D:4)
  4 worms
  5 dart slugs
  17 orcs
  4 ball pythons
  6 bats
  4 endoplasms
  5 giant cockroaches
  8 goblins
  7 hobgoblins
  3 jackals (D:2)
  5 kobolds
  5 quokkas
  A frilled lizard (D:3)
  3 rats
124 creatures vanquished.

Notes
Turn   | Place    | Note
-------+----------+-------------------------------------------
     0 | D:1      | CryoSword the Ogre Berserker began the quest for the Orb.
     0 | D:1      | Reached XP level 1. HP: 24/24 MP: 1/1
    21 | D:1      | You fall into a shaft and drop 1 floor!
    21 | D:2      | Noticed an iguana
    30 | D:2      | Killed an iguana
    31 | D:2      | Reached XP level 2. HP: 33/33 MP: 2/2
    31 | D:2      | Reached XP level 3. HP: 40/40 MP: 3/3
   781 | D:1      | Reached ** piety under Trog
   782 | D:1      | Reached XP level 4. HP: 49/49 MP: 4/4
  1666 | D:3      | Found Baywucs's Weapon Shoppe.
  1679 | D:3      | Reached skill level 5 in Fighting
  1679 | D:3      | Reached XP level 5. HP: 42/57 MP: 5/5
  2428 | D:3      | Reached XP level 6. HP: 66/66 MP: 6/6
  3313 | D:4      | Reached skill level 5 in Maces & Flails
  3408 | D:4      | Noticed Sigmund
  3429 | D:4      | Killed Sigmund
  3430 | D:4      | Reached XP level 7. HP: 75/75 MP: 7/7
  3481 | D:4      | Found a staircase to the Ecumenical Temple.
  3554 | D:4      | HP: 1/114 [gnoll/+0 club (7)]
  4168 | D:4      | Found a burning altar of Makhleb.
  4169 | D:4      | Found an opulent altar of Gozag.
  4230 | D:4      | Noticed Blork the orc
  4253 | D:4      | Killed Blork the orc
  4473 | D:4      | Found a stormy altar of Qazlal.
  4713 | D:4      | Found a runed translucent door.
  4714 | D:4      | Noticed Crazy Yiuf
  4836 | D:4      | Killed Crazy Yiuf
  4887 | D:5      | Entered Level 5 of the Dungeon
  5130 | D:5      | Reached XP level 8. HP: 84/84 MP: 8/8
  5417 | D:5      | Reached skill level 5 in Dodging
  5563 | D:5      | Noticed Ijyb
  5564 | D:5      | Noticed Pikel
  5592 | D:5      | Killed Ijyb
  5609 | D:5      | HP: 2/130 [Pikel/+1 whip of electrocution (9)]
  5610 | D:5      | Killed Pikel
  6001 | D:5      | Noticed a wyvern
  6010 | D:5      | Killed a wyvern
  6011 | D:5      | Reached XP level 9. HP: 97/97 MP: 9/9
  6816 | D:6      | Found Yfryapu's General Store.
  6851 | D:6      | HP: 3/97 [something/puff of flame (11)]
  6852 | D:6      | Succumbed to an orc wizard's poison

Illustrated notes

Levels and vault maps discovered:
D:1:      elethiomel_arrival_quiet, layout_basic
D:2:      layout_loops_ring, due_unseen_surprise
D:3:      layout_loops_ring, serial_shops, nicolae_shop_bloodbath_and_beyond
D:4:      layout_cave_pools, mainiacjoe_overflow_six_doors_small,
          gammafunk_temple_overflow_statue, minmay_temple_entry_crystal_x,
          serial_bayou_ford_a, uniq_crazy_yiuf_cottage, uniq_blork_the_orc,
          uniq_sigmund
D:5:      layout_basic, kennysheep_flooded_box, palyth_stone_intersect,
          uniq_pikel, uniq_ijyb
D:6:      layout_rooms, serial_shops, nicolae_diamond_shop, nicolae_shop_trees,
          ebering_ghost_xom, hangedman_abyss_or_decor_passed, minmay_small_thing

Skill      XL: |  1  2  3  4  5  6  7  8  9 |
---------------+----------------------------+-----
Maces & Flails | 3 4 5 6 7 8 |  8.2
Dodging        | 3 4 5 6 |  6.0
Fighting       | 5 6 8 |  8.7

Action                   |  1- 3 |  4- 6 |  7- 9 || total
-------------------------+-------+-------+-------++-------
Melee: Mace              |    77 |   159 |       ||   236
       Whip              |       |     3 |   231 ||   234
       Punch             |       |     1 |     3 ||     4
Invok: Berserk           |     1 |     7 |    12 ||    20
       Trog's Hand       |       |     2 |     3 ||     5
  Use: Potion            |       |       |     5 ||     5
 Stab: Sleeping          |     1 |       |       ||     1
       Distracted        |       |     1 |       ||     1
Armor: Animal skin       |    28 |    27 |    42 ||    97
Dodge: Dodged            |    50 |    67 |   124 ||   241
